Map: Acropolis LE

Players

Mez - Winner!

  • Race: Terran Terran
  • League: Master
  • Spawn Location: 5:00

BOOLI

  • Race: Protoss Protoss
  • League: Master
  • Spawn Location: 11:00

VOD

Have the link to the VOD?

Description

Time

  • Played on: July 31, 2019, 1:18 p.m.
  • Length: 13:21
Show
View Real Time Build Order
Export as new Build Order

Mez Terran - Winner!

Build Orders: Reaper Expand 

Get SALT Encoding   

  12  0:00  SCV  
  13  0:13  SCV  
  14  0:18  Supply Depot  
  14  0:25  SCV  
  15  0:40  SCV  
  15  0:42  Barracks  
  16  0:45  Refinery  
  16  0:52  SCV  
  17  1:04  SCV  
  18  1:16  SCV  
  19  1:29  Reaper, Orbital Command  
  20  1:48  Command Center  
  20  1:55  SCV  
  20  1:56  Barracks  
  21  2:02  Barracks Reactor  
  21  2:09  Barracks  
  21  2:12  SCV  
  22  2:21  Supply Depot  
  22  2:27  SCV  
  23  2:42  SCV, Marine x2  
  26  2:44  Barracks Tech Lab  
  26  2:54  SCV  
  26  2:57  Marine  
  28  3:00  Marine x2  
  28  3:01  Orbital Command  
  30  3:06  Marauder  
  30  3:07  Concussive Shells  
  30  3:08  SCV  
  33  3:15  Marine  
  33  3:18  Marine x2  
  36  3:20  Supply Depot  
  36  3:22  SCV  
  37  3:29  Marauder  
  37  3:30  SCV  
  40  3:34  SCV  
  41  3:42  SCV  
  41  3:45  Marine x3  
  41  3:46  SCV  
  45  3:59  SCV x2  
  47  4:03  Engineering Bay, Command Center, Supply Depot  
  47  4:07  Stimpack  
  47  4:11  Marine x3  
  47  4:13  Marine  
  47  4:16  SCV  
  52  4:17  SCV  
  53  4:26  Supply Depot  
  53  4:28  SCV  
  53  4:29  SCV  
  55  4:40  SCV  
  55  4:41  SCV  
  55  4:42  Marine x4  
  55  4:43  Terran Infantry Weapons Level 1  
  61  4:47  Refinery  
  61  4:48  Refinery  
  61  4:52  Factory, SCV  
  61  4:53  SCV  
  61  4:55  Supply Depot  
  62  5:04  SCV, Barracks Tech Lab  
  62  5:05  SCV, Marine x3  
  67  5:14  Refinery  
  67  5:16  SCV, Orbital Command  
  67  5:18  SCV  
  69  5:31  Marine x3  
  69  5:33  SCV x2  
  74  5:43  Starport, Factory Reactor  
  74  5:47  Combat Shield, Barracks x2  
  74  5:50  Supply Depot  
  74  5:53  Marine x2, Marauder x2  
  74  5:54  SCV x2  
  74  5:56  Orbital Command  
  82  6:04  Supply Depot  
  82  6:06  SCV x2  
  84  6:11  Marine x2  
  85  6:25  SCV  
  85  6:26  SCV x2  
  85  6:31  Marine, Armory, Supply Depot  
  85  6:32  Marauder x2  
  93  6:33  Engineering Bay  
  93  6:38  SCV x2  
  93  6:39  Medivac x2  
  97  6:41  Barracks Reactor, Barracks Tech Lab  
  97  6:43  SCV  
  98  6:50  SCV x2  
  99  6:55  SCV, Marine x2  
  99  6:56  Marauder x2  
  99  7:00  Terran Infantry Armor Level 1  
  106  7:07  Supply Depot x2  
  106  7:14  Medivac x2  
  110  7:23  Marauder x2  
  110  7:24  Marine, Marauder  
  110  7:28  SCV x3, Marine x3  
  121  7:30  Supply Depot  
  119  7:41  Marine  
  120  7:45  Command Center, Marine, Marauder x2  
  120  7:46  Marine x2  
  120  7:47  Medivac  
  120  7:48  Medivac  
  120  7:49  Barracks x2  
  120  7:50  Barracks  
  120  7:51  Supply Depot  
  131  8:00  Marine x2  
  131  8:03  Marauder  
  131  8:04  Marine  
  137  8:05  SCV x2  
  137  8:06  SCV, Marauder  
  137  8:08  Terran Infantry Weapons Level 2  
  141  8:25  Marine x3, Marauder x2  
  148  8:28  Marauder  
  141  8:37  Marine  
  137  8:43  Marine x3  
  137  8:46  Marine  
  137  8:47  Marauder  
  98  9:07  Marine x4, Marauder x2  
  98  9:08  Barracks Reactor, Barracks Tech Lab  
  98  9:09  Barracks Tech Lab  
  106  9:10  Terran Infantry Armor Level 2  
  106  9:13  Ghost Academy  
  106  9:23  SCV x3  
  109  9:27  Refinery  
  109  9:28  Refinery  
  109  9:29  Fusion Core, Starport  
  109  9:30  Starport  
  109  9:33  Marine x4, Marauder x4  
  109  9:34  Supply Depot  
  109  9:35  Medivac x2  
  109  9:36  Supply Depot  
  109  9:37  Supply Depot  
  125  9:40  Terran Vehicle And Ship Armor Level 1  
  125  9:47  Marine x3  
  125  9:51  Marine x4  
  125  9:52  Planetary Fortress  
  132  9:54  Marine x3  
  132  9:59  SCV  
  137  10:00  SCV x2  
  137  10:06  Supply Depot  
  138  10:07  Marine x2  
  138  10:08  Marine  
  138  10:09  Ghost x2, Marine x3  
  146  10:25  Starport Reactor, Starport Tech Lab, Liberator x2  
  146  10:40  Marine  
  146  10:41  Marine x7  
  160  10:56  Marine x2  
  160  10:57  Marauder  
  164  11:06  Liberator x3  
  144  11:21  Marine x4  
  144  11:22  Marauder  
  155  11:41  Ghost x2  
  155  11:42  Marine x8  
  155  11:43  Marine  
  168  11:50  Medivac  
  168  11:51  Command Center x2, Medivac  
  168  11:53  Liberator  
  172  12:00  Marine x2  
  174  12:03  Ghost  
  174  12:04  Marine x3  
  179  12:10  Missile Turret x2  
  179  12:12  Missile Turret  
  182  12:19  Liberator  
  182  12:20  Liberator  
  182  12:26  Marine  
  182  12:27  Marine x6  
Show
View Real Time Build Order
Export as new Build Order

BOOLI Protoss 

Build Orders: 1 Gate Expand, Double Forge, Blink Stalkers, Chargelot Immortal 

Get SALT Encoding   

  12  0:01  Probe  
  13  0:13  Probe  
  14  0:17  Pylon  
  14  0:25  Probe  
  15  0:33  Probe  
  15  0:40  Gateway  
  15  0:41  Probe  
  16  0:47  Assimilator  
  17  0:52  Probe  
  18  1:04  Probe  
  19  1:16  Probe  
  20  1:23  Nexus  
  20  1:37  Cybernetics Core, Probe  
  21  1:43  Assimilator  
  21  1:50  Pylon  
  21  1:54  Probe  
  22  2:08  Adept  
  22  2:09  Probe  
  23  2:18  Warp Gate  
  23  2:21  Probe  
  25  2:32  Twilight Council  
  25  2:34  Probe  
  26  2:38  Stalker  
  28  2:44  Probe  
  28  2:46  Probe  
  28  2:49  Blink  
  30  2:57  Probe  
  31  2:58  Probe  
  32  3:08  Stalker  
  32  3:09  Probe  
  32  3:11  Probe  
  36  3:21  Probe  
  36  3:23  Probe  
  38  3:30  Robotics Facility  
  38  3:33  Probe  
  39  3:35  Probe  
  39  3:37  Gateway  
  39  3:40  Gateway  
  40  3:45  Probe  
  41  3:49  Probe, Pylon  
  40  3:57  Probe  
  41  4:05  Probe  
  41  4:07  Stalker  
  41  4:08  Shield Battery  
  41  4:09  Probe, Shield Battery  
  45  4:14  Observer  
  45  4:18  Probe  
  45  4:22  Probe  
  48  4:27  Pylon  
  48  4:31  Stalker  
  48  4:35  Stalker  
  52  4:39  Observer  
  52  4:40  Nexus  
  52  4:42  Pylon  
  53  4:48  Stalker  
  53  4:51  Probe x2  
  57  4:54  Forge  
  57  4:57  Assimilator, Forge  
  57  5:01  Charge  
  57  5:03  Immortal  
  57  5:05  Protoss Ground Weapons Level 1  
  61  5:09  Protoss Ground Armor Level 1  
  61  5:14  Probe  
  61  5:15  Probe  
  63  5:30  Gateway  
  63  5:33  Gateway  
  63  5:34  Probe x2, Gateway  
  65  5:40  Observer  
  64  5:45  Pylon  
  64  5:51  Immortal  
  64  5:52  Zealot  
  64  5:54  Probe  
  64  5:55  Probe  
  64  5:56  Probe  
  73  6:07  Probe x2  
  73  6:08  Probe  
  76  6:16  Zealot x3  
  82  6:19  Pylon  
  82  6:29  Probe  
  82  6:30  Immortal, Probe x2  
  89  6:37  Zealot x6  
  101  6:43  Gateway  
  101  6:53  Pylon  
  101  6:58  Pylon  
  101  7:10  Nexus, Protoss Ground Weapons Level 2  
  101  7:11  Probe x3  
  101  7:12  Sentry  
  101  7:14  Protoss Ground Armor Level 2  
  106  7:18  Sentry  
  106  7:20  Immortal  
  112  7:24  Pylon  
  112  7:26  Pylon  
  112  7:34  Zealot x2  
  112  7:35  Zealot x3  
  112  7:38  Observer  
  112  7:41  Zealot  
  112  7:42  Zealot  
  114  7:48  Pylon  
  114  7:56  Zealot x5  
  124  8:07  Immortal  
  124  8:10  Sentry x2  
  132  8:21  Zealot x4  
  132  8:25  Pylon  
  132  8:26  Pylon  
  124  8:35  Zealot x3  
  114  8:46  Zealot x4  
  86  8:56  Zealot  
  76  9:05  Immortal, Templar Archives  
  76  9:06  Zealot x5  
  76  9:07  Zealot  
  90  9:19  Zealot  
  92  9:27  Zealot x6  
  92  9:29  Protoss Ground Weapons Level 3  
  104  9:31  Gateway  
  104  9:35  Observer  
  104  9:38  Gateway  
  104  9:39  Pylon  
  104  9:41  Sentry  
  104  9:42  Psionic Storm  
  104  9:43  Probe x4  
  104  9:45  Gateway  
  110  9:48  Zealot x2  
  110  9:49  Zealot x3  
  120  9:54  Observer  
  121  10:10  Assimilator  
  121  10:11  Zealot x2, Assimilator  
  121  10:12  Zealot  
  127  10:15  Assimilator  
  127  10:20  Stalker x2  
  127  10:25  Stalker  
  127  10:28  Probe x2  
  127  10:29  Probe  
  127  10:35  Probe  
  131  10:37  Zealot x3, Stalker x2  
  131  10:40  Probe  
  131  10:41  Zealot x2, Probe x2  
  148  10:51  Warp Prism  
  150  11:02  High Templar, Zealot  
  150  11:03  Zealot x4  
  152  11:07  Nexus  
  146  11:21  Stalker x4  
  154  11:29  Zealot x2  
  154  11:30  Zealot  
  156  11:40  Pylon  
  156  11:42  Nexus  
  156  11:44  Pylon  
  156  11:47  Probe  
  157  11:55  Pylon  
  157  11:57  Warp Prism  
  157  11:58  Probe x2  
  161  12:04  High Templar x3  
  167  12:12  Probe x2  
  167  12:13  Probe  
  170  12:21  Pylon  
  170  12:24  Probe  
  170  12:25  Probe x2  
  173  12:34  Stalker x3, Observer  
  180  12:37  Pylon  
  180  12:39  Stalker  
  180  12:41  Pylon  
  180  12:42  Stalker x2  
  130  12:59  Stalker x3  
  130  13:00  Stalker x2  
Tags
 
Add a new tag
Caveats
  • Supply blocks, unpowered buildings, or Contaminate may cause inaccurate times.
  • Supply counts are checked every 10 seconds.